 Dungeon Crawl Stone Soup version 0.31.0-9-g3a7656b989 (webtiles) character file.

Game seed: 7183264514951845358

1393 qw the Nimble (level 8, -3/39 HPs)
             Began as a Spriggan Hunter on Feb 2, 2024.
             Was a Follower of Okawaru.
             Slain by an orc
             ... wielding a +0 flail
              (10 damage)
             ... on level 6 of the Dungeon.
             The game lasted 00:00:23 (4370 turns).

qw the Nimble (Spriggan Hunter)                     Turns: 4370, Time: 00:00:24

Health: -3/39      AC:  2    Str:  7    XL:     8   Next: 41%
Magic:  10/11      EV: 26    Int: 10    God:    Okawaru [*.....]
Gold:   228        SH:  5    Dex: 24    Spells: 7/7 levels left

rFire   . . .        a - +0 shortbow (chaos)
rCold   . . .        (shield currently unavailable)
rNeg    . . .        c - +0 robe
rPois   .            (helmet restricted)
rElec   .            (no cloak)
rCorr   +            (gloves unavailable)
SInv    +            (boots unavailable)
Will    +....        g - amulet of Sif Muna's Scorn {Reflect rCorr Dex+3 SH+5}
Stlth   ++           (no ring)
HPRegen 0.26/turn    (no ring)
MPRegen 0.12/turn

%: reflection
@: very quick
A: very small, no large weapons, unfitting armour, see invisible, speed 3
a: Renounce Religion, Heroism


You were on level 6 of the Dungeon.
You worshipped Okawaru.
Okawaru was aware of your devotion.
You visited 2 branches of the dungeon, and saw 7 of its levels.
You also visited: Sewer.

You collected 252 gold pieces.
You spent 24 gold pieces at shops.


Innate Abilities, Weirdness & Mutations

You are very small and have problems with some larger weapons.
You are too small for most types of armour.
You have supernaturally acute eyesight. (SInv)
You cover ground extremely quickly. (Speed+++)


   Skills:
 + Level 2.1 Fighting
 - Level 8.3 Ranged Weapons
 - Level 9.0 Dodging
 - Level 1.5 Stealth
 + Level 2.6 Invocations


You had 7 spell levels left.
You didn't know any spells.
Your spell library was empty.

Inventory:

Hand Weapons
 a - a +0 shortbow of chaos (weapon)
Armour
 c - a +0 robe (worn)
Jewellery
 g - the amulet of Sif Muna's Scorn (around neck) {Reflect rCorr Dex+3 SH+5}
   (You took it off a kobold on level 3 of the Dungeon)

   [amulet of reflection]

   Reflect:   It reflects blocked missile attacks.
   Dex+3:     It affects your dexterity (+3).
   rCorr:     It protects you from acid and corrosion.
   SH+5:      It affects your SH (+5).
Wands
 d - a wand of digging (8)
 l - a wand of flame (7)
Scrolls
 b - a scroll of identify
Potions
 f - a potion of mutation
 h - 2 potions of might
 i - 2 potions of enlightenment
 j - 3 potions of curing
 k - a potion of resistance {unknown}

Dungeon Overview and Level Annotations

Branches:
Dungeon (6/15)             Temple (1/1) D:5           Sewer (visited)

Altars:
Ashenzari
Dithmenos
Elyvilon
Fedhas
Gozag
Hepliaklqana
Kikubaaqudgha
Makhleb
Nemelex Xobeh
Okawaru
Qazlal
Ru
Sif Muna
Trog
Uskayaw
Vehumet
Wu Jian
Xom
Yredelemnul
Zin
The Shining One

Shops:
D:1 ?   D:5 *


Message History

You shoot an arrow. The arrow closely misses the hound.
The hound completely misses you. The orc completely misses you.
You shoot an arrow. The arrow closely misses the hound.
You block the hound's attack. The hound misses you.
The orc completely misses you. The iguana bites you!
You shoot an arrow. The arrow barely misses the hound.
The hound completely misses you. You block the orc's attack.
The iguana misses you.
You shoot an arrow. The arrow hits the hound!
The arrow freezes the hound.
You kill the hound!
Okawaru accepts your kill. The iguana closely misses you.
You block the orc's attack.
Your Dodging skill increases to level 9!
You shoot an arrow. The arrow completely misses the iguana.
The iguana bites you! The orc completely misses you.
You shoot an arrow.
The arrow hits the iguana but does no damage.
Lightning courses through the iguana!
The iguana is heavily wounded.
The iguana barely misses you. The orc misses you.
You shoot an arrow. The arrow barely misses the iguana.
The iguana barely misses you. The orc completely misses you.
You shoot an arrow. The arrow hits the iguana!
The iguana is almost dead.
You block the iguana's attack. The orc hits you with a +0 flail!
You shoot an arrow. The arrow hits the iguana!
You kill the iguana!
Okawaru accepts your kill. The orc completely misses you.
You shoot an arrow.
The arrow hits the orc but does no damage.
The orc suddenly seems more resistant.
You shoot an arrow. The arrow closely misses the orc.
The orc completely misses you.
You shoot an arrow. The arrow completely misses the orc.
The orc completely misses you.
You shoot an arrow. The arrow hits the orc.
The arrow burns the orc.
The orc is severely wounded.
The orc hits you with a +0 flail!
You die...

#...###.# ###.. ..
###.#.# #####... #..
......# ..#.# ...
##.#### #...##.#..
##.###### ###........
...##...###......# .
..........))....# ...
.........)#...#)###.....
.............##.@o......
...........####.%.......
.........### #..<....##
...##....# ##......#
######.### .......# #.#
.......# ...>...#
........#


You could see an orc (resistant).

Vanquished Creatures
  Eustachio (D:6)
  A sky beast (D:6)
  A tengu (D:5)
  2 phantoms (D:5)
  2 kobold brigands (Sewer)
  A gnoll sergeant (D:6)
  A scorpion (D:5)
  An orc priest (D:3)
  A bombardier beetle (D:5)
  A jelly (D:6)
  A sleepcap (D:4)
  6 hounds
  3 iguanas
  An orc wizard (D:2)
  8 gnolls
  4 adders
  A river rat (D:4)
  A shadow imp (D:6)
  3 ufetubi
  2 ribbon worms (D:2)
  A dart slug (D:3)
  13 orcs
  9 ball pythons
  7 bats
  6 endoplasms
  4 giant cockroaches
  5 goblins
  8 hobgoblins
  4 jackals
  16 kobolds
  3 quokkas
  3 frilled lizards
  16 rats
137 creatures vanquished.

Notes
Turn   | Place    | Note
-------+----------+-------------------------------------------
     0 | D:1      | qw the Spriggan Hunter began the quest for the Orb.
     0 | D:1      | Reached XP level 1. HP: 10/10 MP: 2/2
     0 | D:1      | 0 ||| qw: Version: 0.3-a-155-g5e7d8dd
     0 | D:1      | 0 ||| qw: Game counter: 330
     0 | D:1      | 0 ||| qw: Melee chars always use a shield: true
     0 | D:1      | 0 ||| qw: God list: Okawaru
     0 | D:1      | 0 ||| qw: Allow faded altars: false
     0 | D:1      | 0 ||| qw: Do Orc after clearing Dungeon:15 true
     0 | D:1      | 0 ||| qw: Do second Lair branch before Depths: true
     0 | D:1      | 0 ||| qw: Lair rune preference: random
     0 | D:1      | 0 ||| qw: Goals: Normal
     0 | D:1      | 0 ||| PLANNING D:1-11
    90 | D:1      | Reached skill level 3 in Dodging
   124 | D:1      | Reached XP level 2. HP: 14/14 MP: 3/3
   239 | D:1      | Reached skill level 4 in Dodging
   265 | D:1      | Found Xineu's Magic Scroll Boutique.
   271 | D:1      | 271 ||| SHOPLISTING scroll of brand weapon (114 gold, have
                  | 39).
   271 | D:1      | 271 ||| SHOPLISTING scroll of enchant armour (90 gold, have
                  | 39).
   271 | D:1      | 271 ||| BUYING scroll of identify (24 gold).
   271 | D:1      | Bought a scroll of identify for 24 gold pieces
   271 | D:1      | 271 ||| SHOPLISTING scroll of identify (24 gold, have 15).
   271 | D:1      | 271 ||| SHOPLISTING scroll of teleportation (36 gold, have
                  | 15).
   680 | D:1      | Reached XP level 3. HP: 18/18 MP: 4/4
   794 | D:1      | 794 ||| DROPPING ring of wizardry.
   795 | D:1      | 795 ||| READING 2 scrolls of identify.
   795 | D:1      | 795 ||| IDENTIFYING white potion
   796 | D:1      | 796 ||| READING scroll of identify.
   796 | D:1      | 796 ||| IDENTIFYING yellow potion
   797 | D:1      | 797 ||| READING scroll labelled GATILO VEKA.
   798 | D:1      | 798 ||| DROPPING scroll of butterflies.
   799 | D:1      | 799 ||| DROPPING potion of degeneration.
  1183 | D:2      | Reached XP level 4. HP: 22/22 MP: 5/5
  1211 | D:2      | 1211 ||| FLEEEEING.
  1212 | D:2      | 1212 ||| FLEEEEING.
  1214 | D:2      | 1214 ||| STAIRDANCE
  1252 | D:1      | 1252 ||| READING 2 scrolls of identify.
  1252 | D:1      | 1252 ||| IDENTIFYING fizzy cyan potion
  1253 | D:1      | 1253 ||| READING scroll of identify.
  1253 | D:1      | 1253 ||| IDENTIFYING viscous clear potion
  1254 | D:1      | 1254 ||| READING 3 scrolls labelled SEGEJUIR ULEAS.
  1254 | D:1      | 1254 ||| BRANDING +0 shortbow.
  1255 | D:1      | 1255 ||| READING 2 scrolls of brand weapon.
  1255 | D:1      | 1255 ||| BRANDING +0 shortbow of draining.
  1256 | D:1      | 1256 ||| READING scroll of brand weapon.
  1256 | D:1      | 1256 ||| BRANDING +0 shortbow of flaming.
  1257 | D:1      | 1257 ||| READING scroll labelled YDEAVO HA JAXO.
  1258 | D:1      | 1258 ||| READING scroll labelled BIUZXI ANEDD.
  1259 | D:1      | 1259 ||| DRINKING 2 amethyst potions.
  1260 | D:1      | 1260 ||| DROPPING potion of berserk rage.
  1261 | D:1      | 1261 ||| DROPPING potion of invisibility.
  1267 | D:2      | 1267 ||| STAIRDANCE
  1388 | D:2      | Reached skill level 5 in Dodging
  1654 | D:2      | 1654 ||| READING scroll of identify.
  1654 | D:2      | 1654 ||| IDENTIFYING scroll labelled QAUT MINGUXONIGE
  1655 | D:2      | 1655 ||| READING 2 scrolls labelled DUNTOGYOSU.
  1656 | D:2      | 1656 ||| DROPPING scroll of vulnerability.
  1657 | D:2      | 1657 ||| DROPPING scroll of blinking.
  1675 | D:3      | Found an opulent altar of Gozag.
  1675 | D:3      | Found a basalt altar of Yredelemnul.
  1688 | D:3      | Found a blossoming altar of Fedhas.
  1853 | D:3      | 1853 ||| FLEEEEING.
  1854 | D:3      | 1854 ||| FLEEEEING.
  1885 | D:3      | 1885 ||| RETREEEEATING.
  1887 | D:3      | Reached XP level 5. HP: 26/26 MP: 6/6
  1934 | D:3      | Found a hazy altar of Hepliaklqana.
  2215 | D:3      | Identified the amulet of Sif Muna's Scorn {Reflect rCorr
                  | Dex+3 SH+5}
  2273 | D:3      | 2273 ||| UPGRADING to amulet of Sif Muna's Scorn {Reflect
                  | rCorr Dex+3 SH+5}.
  2278 | D:3      | 2278 ||| READING scroll of identify.
  2278 | D:3      | 2278 ||| IDENTIFYING fizzy brown potion
  2279 | D:3      | 2279 ||| DROPPING potion of brilliance.
  2301 | D:4      | 2301 ||| PLANNING SEWER
  2302 | D:4      | 2302 ||| STAIRDANCE
  2334 | D:4      | Found a glowing silver altar of Zin.
  2353 | D:4      | Found a stormy altar of Qazlal.
  2354 | D:4      | Noticed an air elemental
  2364 | D:4      | Noticed a fire elemental
  2364 | D:4      | Noticed a water elemental
  2533 | D:4      | Reached skill level 6 in Dodging
  2733 | D:4      | Reached XP level 6. HP: 30/30 MP: 7/7
  2749 | D:4      | Found a glowing drain.
  2750 | D:4      | 2750 ||| READING scroll of identify.
  2750 | D:4      | 2750 ||| IDENTIFYING metallic black potion
  2751 | D:4      | 2751 ||| READING scroll labelled JYJOXE MUERISAETS.
  2752 | D:4      | 2752 ||| READING 2 scrolls labelled LIRUEKKUKOQ.
  2756 | D:4      | 2756 ||| READING scroll labelled REETTU PAN OKK.
  2757 | D:4      | 2757 ||| READING scroll labelled ZUKIYTHROTZU.
  2758 | D:4      | 2758 ||| DROPPING potion of lignification.
  2827 | Sewer    | Entered a sewer
  2900 | Sewer    | Reached skill level 6 in Ranged Weapons
  2928 | Sewer    | Found a glowing silver altar of Zin.
  2971 | D:4      | 2971 ||| PLANNING D:1-11
  3041 | D:5      | Entered Level 5 of the Dungeon
  3074 | D:5      | Noticed an ice beast
  3075 | D:5      | 3075 ||| DRINKING potion of haste.
  3084 | D:5      | an ice beast changed into a tengu
  3089 | D:5      | Reached skill level 7 in Dodging
  3093 | D:5      | Reached XP level 7. HP: 35/35 MP: 8/8
  3167 | D:5      | 3167 ||| ZAPPING wand of flame (11) at 4,3 (bombardier
                  | beetle; floor).
  3168 | D:5      | 3168 ||| ZAPPING wand of flame (10) at 4,3 (bombardier
                  | beetle; floor).
  3215 | D:5      | Found a staircase to the Ecumenical Temple.
  3216 | D:5      | 3216 ||| PLANNING TEMPLE
  3224 | Temple   | Entered the Ecumenical Temple
  3225 | Temple   | 3225 ||| PLANNING OKAWARU WORSHIP
  3251 | Temple   | Became a worshipper of Warmaster Okawaru
  3252 | Temple   | 3252 ||| PLANNING D:1-11
  3399 | D:5      | 3399 ||| FLEEEEING.
  3400 | D:5      | 3400 ||| FLEEEEING.
  3401 | D:5      | 3401 ||| FLEEEEING.
  3402 | D:5      | 3402 ||| FLEEEEING.
  3479 | D:5      | Found Uryriad's Gadget Gallery.
  3487 | D:5      | 3487 ||| SHOPLISTING wand of mindburst (15) (273 gold, have
                  | 214).
  3567 | D:5      | Reached skill level 8 in Dodging
  3895 | D:5      | Found a shimmering altar of Xom.
  3982 | D:5      | 3982 ||| READING scroll of identify.
  3982 | D:5      | 3982 ||| IDENTIFYING glowing clear potion
  3983 | D:5      | 3983 ||| DRINKING 2 red potions.
  3984 | D:5      | 3984 ||| DROPPING potion of attraction.
  4017 | D:6      | 4017 ||| ZAPPING wand of flame (9) at 1,0 (jelly;
                  | open_door).
  4018 | D:6      | 4018 ||| ZAPPING wand of flame (8) at 1,0 (jelly;
                  | open_door).
  4030 | D:6      | HP: 7/35 [orc/+0 hand axe (6)]
  4031 | D:6      | 4031 ||| READING scroll of teleportation.
  4031 | D:6      | HP: 2/35 [orc/+0 hand axe (5)]
  4032 | D:6      | 4032 ||| DRINKING potion of heal wounds.
  4035 | D:6      | Reached * piety under Okawaru
  4038 | D:6      | 4038 ||| INVOKING Heroism.
  4136 | D:6      | Noticed Eustachio
  4138 | D:6      | 4138 ||| RETREEEEATING.
  4139 | D:6      | 4139 ||| RETREEEEATING.
  4143 | D:6      | 4143 ||| RETREEEEATING.
  4160 | D:6      | Killed Eustachio
  4161 | D:6      | Reached XP level 8. HP: 39/39 MP: 9/9
  4191 | D:6      | 4191 ||| RETREEEEATING.
  4195 | D:6      | 4195 ||| RETREEEEATING.
  4198 | D:6      | Reached skill level 1 in Invocations
  4242 | D:6      | 4242 ||| INVOKING Heroism.
  4362 | D:6      | Reached skill level 9 in Dodging
  4365 | D:6      | HP: 5/39 [orc/+0 flail (8)]
  4370 | D:6      | Slain by an orc

Levels and vault maps discovered:
D:1:      dpeg_arrival_fog, layout_loops_corners, serial_shops, shop,
          minmay_misc_feat_encased, minmay_misc_feat_rows,
          minmay_rat_gold_closets
D:2:      layout_loops_ring, serial_glass, glass_columns_c, glass_columns_a,
          corexii_corridor_pit
D:3:      layout_basic, nicolae_overflow_hidden_temple,
          mainiacjoe_overflow_chevrons, overflow_temple_1_default
D:4:      layout_rooms, nicolae_qazlal_style_of_elements, zin_academy,
          portal_sewer_entry_e
D:5:      layout_rooms, kennysheep_little_box, temple_hall, serial_rivers,
          chequers_serial_rivers_micro_b, chequers_serial_rivers_large_a,
          chequers_serial_rivers_small_a, chequers_serial_rivers_micro_e,
          chequers_serial_rivers_large_b, chequers_serial_rivers_small_b,
          nicolae_shop_gadgets
D:6:      layout_rooms, kennysheep_generic_room_12, uniq_eustachio
Temple:   dpeg_chambers_temple

Skill      XL: |  1  2  3  4  5  6  7  8 |
---------------+-------------------------+-----
Dodging        | 3 4 5 6 7 8 9 |  9.0
Ranged Weapons | 5 6 8 |  8.3
Fighting       | 2 |  2.1
Invocations    | 2 |  2.6
Stealth        | |  1.5

Action                     |  1- 3 |  4- 6 |  7- 9 || total
---------------------------+-------+-------+-------++-------
   Fire: Shortbow          |   132 |   150 |   204 ||   486
 Invoke: Heroism           |       |       |     2 ||     2
  Evoke: Wand              |       |       |     4 ||     4
    Use: Scroll            |     3 |    15 |     2 ||    20
         Potion            |       |     2 |     2 ||     4
 Armour: Robe              |    15 |    10 |    30 ||    55
  Dodge: Dodged            |    45 |    40 |   167 ||   252
  Block: Other             |       |     7 |    29 ||    36
         Reflection        |       |     1 |       ||     1

Table legend:
 A = Non-vault XP
 B = Vault XP
 C = Vault XP percentage of total XP
 D = Non-vault monster count
 E = Vault monster count
 F = Vault count percentage of total count
                 A         B        C        D         E       F
            +---------+---------+-------+---------+---------+-------
      Total |    1504 |     486 |  24.4 |     110 |      27 |  19.7
            +---------+---------+-------+---------+---------+-------
        D:1 |      47 |       6 |  11.3 |      25 |       6 |  19.4
        D:2 |     136 |       0 |   0.0 |      26 |       0 |   0.0
        D:3 |      87 |       0 |   0.0 |      24 |       0 |   0.0
        D:4 |      91 |      33 |  26.6 |       6 |       8 |  57.1
        D:5 |     588 |       0 |   0.0 |      13 |       0 |   0.0
        D:6 |     555 |     241 |  30.3 |      16 |       3 |  15.8
      Sewer |       0 |     206 | 100.0 |       0 |      10 | 100.0
            +---------+---------+-------+---------+---------+-------
